 Dungeon Crawl Stone Soup version 0.25.0-11-g1f837a76a1 (webtiles) character file.

Game seed: 11477542440244302173

180 xccam the Cutter (level 5, -4/30 HPs)
             Began as a Tengu Assassin on June 25, 2020.
             Slain by a mummy (11 damage)
             ... in an ossuary.
             The game lasted 00:02:37 (2715 turns).

xccam the Cutter (Tengu Assassin)                   Turns: 2715, Time: 00:02:37

Health: -4/30      AC:  4    Str: 11    XL:     5   Next: 60%
Magic:  6/6        EV: 14    Int: 12    God:
Gold:   188        SH:  5    Dex: 16    Spells: 4/4 levels left

rFire    . . .     SeeInvis .   a - +2 dagger
rCold    + . .     Gourm    .   o - +0 buckler
rNeg     . . .     Faith    .   b - +0 robe
rPois    .         Spirit   .   (helmet restricted)
rElec    .         Reflect  .   c - +0 cloak
rCorr    .         Harm     .   k - +0 pair of gloves
MR       .....                  (boots unavailable)
Stlth    +++.......             (no amulet)
HPRegen  0.10/turn              r - ring of protection from cold
MPRegen  0.10/turn              (no ring)

@: flying quickly and evasively, quick
A: beak, talons 3, able to fly
a: Stop Flying


You were in an ossuary.
You were hungry.

You visited 1 branch of the dungeon, and saw 4 of its levels.
You also visited: Ossuary.

You collected 188 gold pieces.

Inventory:

Hand Weapons
 a - a +2 dagger (weapon)
Missiles
 d - 8 poisoned darts (quivered)
 e - 2 curare-tipped darts
 h - 4 atropa-tipped darts
Armour
 b - a +0 robe (worn)
 c - a +0 cloak (worn)
 k - a +0 pair of gloves (worn)
 o - a +0 buckler (worn)
Jewellery
 r - a ring of protection from cold (left hand)
Scrolls
 n - a scroll of noise {unknown}
 p - a scroll of fear {unknown}
 q - a scroll of enchant armour {unknown}
 s - 5 scrolls of random uselessness {unknown}
 v - 2 scrolls of remove curse
 w - 2 scrolls of teleportation {unknown}
 y - a scroll of immolation {unknown}
Potions
 g - a potion of brilliance
 i - 7 potions of curing
 j - a potion of mutation
 l - 3 potions of stabbing {unknown}
 m - a potion of heal wounds {unknown}
 u - a potion of magic {unknown}
 x - a potion of lignification {unknown}
 z - 2 potions of ambrosia {unknown}
Comestibles
 f - 9 rations


   Skills:
 - Level 2.0 Fighting
 + Level 5.4 Short Blades
 - Level 2.0 Throwing
 - Level 1.1 Dodging
 - Level 4.0 Stealth
 + Level 2.3 Shields


You had 4 spell levels left.
You didn't know any spells.
Your spell library was empty.

Dungeon Overview and Level Annotations

Branches:
Dungeon (4/15)            Ossuary (1/1)
 Temple: D:4-7

Altars:
Dithmenos
Fedhas
Kikubaaqudgha
Nemelex Xobeh


Innate Abilities, Weirdness & Mutations

You have a beak for a mouth.
You have claws for feet.
You can fly continuously.


Message History

A mummy opens the door.
As you close the door, it creaks loudly!
You start resting.
A mummy opens the door.
You swing at nothing.
You swing at nothing.
You hit the mummy. You claw the mummy, but do no damage. You peck the mummy.
The mummy is moderately damaged.
You barely miss the mummy.
The mummy is moderately damaged.
You hit the mummy.
The mummy is moderately damaged.
The mummy hits you!
* * * LOW HITPOINT WARNING * * *
You barely miss the mummy. You claw the mummy.
The mummy is severely damaged.
You hit the mummy. You claw the mummy, but do no damage.
The mummy is severely damaged.
The mummy hits you!
You die...

###.### .!!!!
##### !.. #...#
#.# #...# #.#
##.## ###'###
#.### ##.....##
##.'.#
##.....M.###..###
#...^....^#.^.M@#
+....⌠....'...###
#.........#...'.#
##......^###..###
##.....## ##.'.#
###'### #.### #.#
##.## ##.## #...#
#.∩.# #...#


You could see a mummy.

Vanquished Creatures
  A worker ant (D:3)
  A big kobold zombie (Ossuary)
  A hound skeleton (D:4)
  2 mummies (Ossuary)
  3 adders
  A worm (D:4)
  3 dart slugs
  5 leopard geckos
  An orc (D:3)
  A ball python (D:1)
  4 giant cockroaches
  A gnoll zombie (Ossuary)
  6 goblins
  4 hobgoblins
  3 jackals (D:3)
  8 kobolds
  A quokka (D:2)
  8 bats
  3 frilled lizards
  A hobgoblin zombie (Ossuary)
  An orc zombie (Ossuary)
  5 rats
64 creatures vanquished.

Notes
Turn   | Place    | Note
-------+----------+-------------------------------------------
     0 | D:1      | xccam the Tengu Assassin began the quest for the Orb.
     0 | D:1      | Reached XP level 1. HP: 12/12 MP: 2/2
   188 | D:1      | Reached XP level 2. HP: 14/17 MP: 3/3
   309 | D:1      | Reached skill level 3 in Short Blades
   434 | D:1      | Reached XP level 3. HP: 21/21 MP: 4/4
   496 | D:1      | Reached skill level 4 in Short Blades
   918 | D:2      | Reached XP level 4. HP: 19/26 MP: 5/5
  1424 | D:2      | Found a shadowy altar of Dithmenos.
  1655 | D:2      | Found a blossoming altar of Fedhas.
  1931 | D:3      | Reached skill level 1 in Shields
  2003 | D:3      | Found a sparkling altar of Nemelex Xobeh.
  2077 | D:3      | Reached skill level 5 in Short Blades
  2251 | D:3      | Gained mutation: You can fly continuously. [Tengu growth]
  2251 | D:3      | Reached XP level 5. HP: 30/30 MP: 6/6
  2295 | D:3      | Found an ancient bone altar of Kikubaaqudgha.
  2454 | D:4      | Found a sand-covered staircase.
  2485 | Ossuary  | Entered an ossuary
  2715 | Ossuary  | Slain by a mummy

Illustrated notes

Levels and vault maps discovered:
D:1:      dpeg_arrival_round_b, layout_basic
D:2:      layout_basic, nicolae_overflow_crystal_walls,
          overflow_temple_1_default, first_ration
D:3:      layout_rooms, nemelex_xobeh_ov_fountains_minmay, marbit_many_paths
D:4:      layout_loops_cross, enter_ossuary_2
Ossuary:  ossuary_crypta

Skill      XL: |  1  2  3  4  5 |
---------------+----------------+-----
Short Blades   | 3 4 5 |  5.4
Shields        | 1 2 |  2.3
Fighting       | |  2.0
Throwing       | |  2.0
Dodging        | |  1.1
Stealth        | |  4.0

Action                   |  1- 3 |  4- 6 || total
-------------------------+-------+-------++-------
Melee: Dagger            |    77 |    77 ||   154
       Peck              |    11 |     9 ||    20
       Kick              |    14 |    25 ||    39
 Abil: Fly               |       |     1 ||     1
  Use: Scroll            |       |     4 ||     4
 Stab: Sleeping          |     6 |    11 ||    17
  Eat: Chunk             |       |     5 ||     5
Armor: Robe              |    31 |    13 ||    44
Dodge: Dodged            |    53 |    21 ||    74
Block: Buckler           |       |     5 ||     5
